 Dungeon Crawl Stone Soup version 0.31-a0-1626-g5cb510d322 (webtiles) character file.

Game seed: 7050990219753221759

56 Malachi the Sneak (level 3, 0/23 (24) HPs)
             Began as a Vampire Alchemist on Jan 12, 2024.
             Slain by Crazy Yiuf
             ... wielding a +2 quarterstaff of chaos
              (1 damage)
             ... on level 2 of the Dungeon.
             The game lasted 00:03:49 (1289 turns).

Malachi the Sneak (Vampire Alchemist)               Turns: 1289, Time: 00:03:50

HP:   0/23 (24)     AC:  6    Str:  7    XL:     3   Next: 71%
MP:   6/6           EV: 13    Int: 17    God:
Gold: 92            SH:  0    Dex: 16    Spells: 5/6 levels left

rFire   + . .        g - +0 short sword
rCold   + . .        (no shield)
rNeg    . . .        a - +0 robe
rPois   +            (no helmet)
rElec   +            (no cloak)
rCorr   +            (no gloves)
SInv    +            (no boots)
Will    .....        i - amulet of regeneration
Stlth   +++          d - +4 ring of protection
HPRegen 1.23/turn    (no ring)
MPRegen 0.10/turn

%: no passive effects
@: lethally poisoned (0 -> -1), resistant, healing quickly, lightly drained
A: alive, fangs 3, see invisible, vampiric 2
a: Exsanguinate


You were on level 2 of the Dungeon.
You visited 1 branch of the dungeon, and saw 2 of its levels.

You collected 92 gold pieces.

Inventory:

Hand Weapons
 g - a +0 short sword (weapon)
Missiles
 f - 5 datura-tipped darts
 j - 15 poisoned darts
 m - 2 throwing nets
Armour
 a - a +0 robe (worn)
Jewellery
 d - a +4 ring of protection (left hand)
 i - an amulet of regeneration (around neck)
Scrolls
 c - a scroll of teleportation {unknown}
 e - 4 scrolls of identify {unknown}
 h - a scroll of revelation {unknown}
 l - a scroll of fear {unknown}
Potions
 b - a potion of magic
 k - a potion of ambrosia {unknown}


   Skills:
 + Level 2.7 Dodging
 + Level 4.0 Stealth
 + Level 2.4 Spellcasting
 + Level 1.2 Conjurations
 + Level 3.7 Alchemy


You had 5 spell levels left.
You knew the following spells:

 Your Spells              Type           Power      Damage    Failure   Level
a - Sting                 Conj/Alch      40%        1d5       7%          1

Your spell library contained the following spells:

 Spells                   Type           Power      Damage    Failure   Level
 Mercury Vapours          Alch/Air       16%        N/A       13%         2
 Mephitic Cloud           Conj/Alch/Air  7%         N/A       28%         3
 Olgreb's Toxic Radiance  Alch           14%        N/A       38%         4
 Sticky Flame             Fire/Alch      8%         2d4       65%         4


Dungeon Overview and Level Annotations

Branches:
Dungeon (2/15)

Altars:

Shops:
D:1 [

Annotations:
D:2 Crazy Yiuf


Innate Abilities, Weirdness & Mutations

Your natural rate of healing is accelerated.
You have razor-sharp teeth.
You have supernaturally acute eyesight. (SInv)
You are afflicted with vampirism and can become a bat while bloodless.


Message History

You closely miss Crazy Yiuf. You bite Crazy Yiuf, but do no damage.
Crazy Yiuf is lightly wounded.
Crazy Yiuf twirls on the spot.
Crazy Yiuf closely misses you.
You hit Crazy Yiuf.
Crazy Yiuf is lightly wounded.
Crazy Yiuf hits you with a +2 quarterstaff of chaos!
You barely miss Crazy Yiuf. Your bite misses Crazy Yiuf.
Crazy Yiuf is lightly wounded.
Crazy Yiuf misses you.
You hit Crazy Yiuf but do no damage.
Crazy Yiuf is lightly wounded.
Crazy Yiuf barely misses you.
You hit Crazy Yiuf. You bite Crazy Yiuf, but do no damage.
Crazy Yiuf is lightly wounded.
Crazy Yiuf hits you but does no damage.
You hit Crazy Yiuf.
Crazy Yiuf is moderately wounded.
Crazy Yiuf hits you with a +2 quarterstaff of chaos!
You barely miss Crazy Yiuf.
Crazy Yiuf is moderately wounded.
Crazy Yiuf laughs, "Hack!"
Crazy Yiuf barely misses you.
You hit Crazy Yiuf but do no damage.
Crazy Yiuf is moderately wounded.
Crazy Yiuf cries, "Shower seventy hand!"
Crazy Yiuf hits you with a +2 quarterstaff of chaos.
You are poisoned.
You barely miss Crazy Yiuf.
Crazy Yiuf is moderately wounded.
You feel very sick. Crazy Yiuf hits you but does no damage.
You feel protected.
You barely miss Crazy Yiuf.
Crazy Yiuf is moderately wounded.
You feel sick.
Crazy Yiuf hits you with a +2 quarterstaff of chaos.
* * * LOW HITPOINT WARNING * * *
You feel drained.
You die...

############.#...#
#.# #.##.####
####### ###
#........
####.#### #####
#.# #)..# #.# ##
#...# #.# #.
####### ... #.# #.
#.....### #g# #.#
#. #.#.....# #@##
#.# #. ..#.~~~.#
##.# #.# #.
#.#.~_~.# #.## #.#
#. #+#.~~~.# ##.#
### ##.####
........# ##.##
#.####......
.......## ##P..#
#....#.#.###
.....### #..P.#
####...#....
..†..##### #....#
##..#####
..##....†# ##..##
#.†#....


You could see Crazy Yiuf.

Vanquished Creatures
  An adder (D:2)
  4 dart slugs
  4 endoplasms
  3 goblins
  4 hobgoblins
  5 quokkas
  3 ball pythons
  6 bats
  2 frilled lizards (D:1)
  3 kobolds
  4 rats (D:1)
39 creatures vanquished.

Notes
Turn   | Place    | Note
-------+----------+-------------------------------------------
     0 | D:1      | Malachi the Vampire Alchemist began the quest for the Orb.
     0 | D:1      | Reached XP level 1. HP: 13/13 MP: 3/3
   167 | D:1      | Reached XP level 2. HP: 9/19 MP: 0/5
   269 | D:1      | Found Sitim's Antique Armour Boutique.
   373 | D:1      | Reached skill level 1 in Conjurations
   712 | D:2      | Gained mutation: You are afflicted with vampirism and can
                  | become a bat while bloodless. [Vampire growth]
   712 | D:2      | Reached XP level 3. HP: 24/24 MP: 6/6
   749 | D:2      | Found a faded altar of an unknown god.
  1070 | D:2      | Reached skill level 4 in Stealth
  1179 | D:2      | Found a runed translucent door.
  1180 | D:2      | Noticed Crazy Yiuf
  1289 | D:2      | HP: 1/24 [Crazy Yiuf/+2 quarterstaff of chaos (6)]
  1289 | D:2      | Slain by Crazy Yiuf

Illustrated notes

Levels and vault maps discovered:
D:1:      dpeg_arrival_long_road, layout_basic, serial_shops,
          nicolae_shop_tiny_real_fake_doors, st_stairs_1, corner_web_ring
D:2:      layout_basic, hellmonk_ecumenical_altar_pennies_from_heaven,
          minivault_27, uniq_crazy_yiuf_cottage

Skill      XL: |  1  2  3 |
---------------+----------+-----
Conjurations   | 1 |  1.2
Stealth        | 4 |  4.0
Dodging        | |  2.7
Spellcasting   | |  2.4
Alchemy        | |  3.7

Action                     || total
---------------------------++-------
  Melee: Dagger            ||     7
         Short sword       ||   110
         Bite              ||    16
         Punch             ||     3
   Cast: Sting             ||     8
   Stab: Sleeping          ||    10
         Distracted        ||     1
 Armour: Robe              ||    49
  Dodge: Dodged            ||    64

Table legend: (Time is in decaauts)
 A = Elapsed time spent in this place.
 B = Non-inter-level travel time spent in this place.
 C = Inter-level travel time spent in this place.
 D = Time resting spent in this place.
 E = Time spent auto-exploring this place.
 F = Levels seen in this place.
 G = Mean time per level.
                   A        B        C        D        E       F      G
               +--------+--------+--------+--------+--------+-----+--------+
         Total |   1289 |   1283 |      6 |     54 |    863 |   2 |  644.5 |
       Dungeon |   1289 |   1283 |      6 |     54 |    863 |   2 |  644.5 |
               +--------+--------+--------+--------+--------+-----+--------+

Top non-repeatable levels by time:
     D:1: 708 daAuts
     D:2: 581 daAuts
